 Dungeon Crawl Stone Soup version 0.22-a0-284-g99d1f74 (webtiles) character file.

53 Amnesiac the Ducker (level 3, 0/19 HPs)
             Began as a Spriggan Fighter on Mar 21, 2018.
             Slain by a river rat (8 damage)
             ... in a sewer.
             The game lasted 00:02:15 (991 turns).

Amnesiac the Ducker (Spriggan Fighter)               Turns: 991, Time: 00:02:15

Health: 0/19       AC:  2    Str: 13    XL:     3   Next: 64%
Magic:  4/4        EV: 19    Int:  9    God:
Gold:   58         SH:  6    Dex: 15    Spells: 2/2 levels left

rFire    . . .     SeeInvis +   a - +0 long sword
rCold    . . .     Gourm    .   c - +0 buckler
rNeg     . . .     Faith    .   b - +0 robe
rPois    .         Spirit   .   (helmet restricted)
rElec    .         Reflect  .   (no cloak)
rCorr    .         Harm     .   (gloves unavailable)
MR       .....                  (boots unavailable)
Stlth    +.........             (no amulet)
HPRegen  0.06/turn              (no ring)
MPRegen  0.09/turn              (no ring)

@: very quick
A: very small, unfitting armour, see invisible, herbivore, speed 3, slow
metabolism 2
a: no special abilities


You were in a sewer.
You were not hungry.

You visited 1 branch of the dungeon, and saw 4 of its levels.
You also visited: Sewer.

You collected 58 gold pieces.

Inventory:

Hand Weapons
 a - a +0 long sword (weapon)
Armour
 b - a +0 robe (worn)
 c - a +0 buckler (worn)
Scrolls
 e - a scroll of amnesia {!r, unknown}
 h - a scroll of blinking {!r, unknown}
 i - 2 scrolls of teleportation {!r, unknown}
 m - 3 scrolls of fear {!r, unknown}
Potions
 d - 2 potions of might {!q}
 g - a potion of flight {!q, unknown}
 j - a potion of magic {!q, unknown}
 k - a potion of brilliance {!q, unknown}
 l - a potion of curing {!q, unknown}
Comestibles
 f - 3 rations


   Skills:
 + Level 2.7 Fighting
 * Level 2.4 Long Blades
 + Level 5.0 Dodging
 + Level 2.4 Shields


You had 2 spell levels left.
You didn't know any spells.

Dungeon Overview and Level Annotations

Branches:
Dungeon (4/15)
 Temple: D:4-7

Altars:

Annotations:
D:2 Terence


Innate Abilities, Weirdness & Mutations

You are very small and have problems with some larger weapons.
You are too small for most types of armour.
You have supernaturally acute eyesight. (SInv)
You are a herbivore.
You cover ground extremely quickly.
You need to consume almost no food.


Message History

The adder misses you.
You hit the adder.
The adder is almost dead.
You block the adder's attack. The adder misses you.
You slash the adder!
You kill the adder!
Your Dodging skill increases to level 5!
No target in view!
No target in view!
m - 3 scrolls labeled DEOG WAUD OSUI {!r}
i - 2 scrolls labeled RUCWID KAJEMP {!r} (gained 1)
You see here a rat corpse.
You see here a rat corpse.
You see here a rat corpse.
You see here a rat corpse.
You enter the shallow water.
Moving in this stuff is going to be slow.
You enter the shallow water.
Moving in this stuff is going to be slow.
You enter the shallow water.
Moving in this stuff is going to be slow. 2 frilled lizards come into view.
There are monsters nearby!
There are monsters nearby!
There are monsters nearby!
A frilled lizard comes into view.
The frilled lizard hisses angrily.
A river rat comes into view.
You enter the shallow water.
Moving in this stuff is going to be slow.
The frilled lizard hisses angrily.
A river rat comes into view.
You enter the shallow water.
Moving in this stuff is going to be slow.
You block the frilled lizard's attack.
You slash the frilled lizard!
You kill the frilled lizard!
The frilled lizard completely misses you.
You slash the frilled lizard!
You kill the frilled lizard!
The frilled lizard misses you.
You closely miss the river rat.
The frilled lizard bites you but does no damage.
The river rat misses you. The frilled lizard bites you.
You hit the river rat.
The river rat is heavily wounded.
You block the river rat's attack.
The frilled lizard completely misses you.
You hit the river rat but do no damage.
The river rat is heavily wounded.
You block the frilled lizard's attack. The river rat closely misses you.
You closely miss the river rat.
The river rat is heavily wounded.
You block the frilled lizard's attack. The river rat bites you.
The river rat completely misses you. The frilled lizard misses you.
The river rat misses you.
You riposte.
Your shield prevents you from hitting the river rat.
The river rat is heavily wounded.
You hit the river rat.
The river rat is almost dead.
The river rat bites you.
* * * LOW HITPOINT WARNING * * *
The river rat bites you!
You die...

##.#######################
≈..≈.≈.†r≈.≈...≈≈≈≈≈≈.....
.≈≈.≈..lr@≈≈≈≈≈≈≈≈≈≈≈≈..≈.
##########################
# # #


You could see 2 river rats and a frilled lizard.

Vanquished Creatures
  3 adders
  A worm (D:3)
  2 dart slugs
  2 bats
  A hobgoblin (D:1)
  A ball python (D:3)
  2 frilled lizards (Sewer)
  3 goblins
  2 kobolds
  7 rats
24 creatures vanquished.

Notes
Turn   | Place    | Note
-------+----------+-------------------------------------------
     0 | D:1      | Amnesiac the Spriggan Fighter began the quest for the Orb.
     0 | D:1      | Reached XP level 1. HP: 11/11 MP: 2/2
   264 | D:2      | Reached XP level 2. HP: 16/16 MP: 3/3
   332 | D:2      | Noticed Terence
   552 | D:3      | Found a glowing drain.
   579 | D:3      | Reached XP level 3. HP: 6/19 MP: 4/4
   695 | Sewer    | Entered a sewer
   919 | Sewer    | Reached skill level 5 in Dodging
   991 | Sewer    | Slain by a river rat

Vault maps used:
D:1:      lightli_molten_gateway, cheibriados_altar_1
D:2:      first_ration, uniq_terence
D:3:      lemuel_doored_altar, cheibrodos_sewer_entry_drain
D:4:      minmay_goblin_kobold_castle
Sewer:    sewer_co_cracked_pipes

Skill      XL: |  1  2  3 |
---------------+----------+-----
Long Blades    | 2 |  2.4
Dodging        | 5 |  5.0
Fighting       | |  2.7
Shields        | |  2.4

Action                   || total
-------------------------++-------
Melee: Long sword        ||    60
 Stab: Sleeping          ||     1
Armor: Robe              ||     4
Dodge: Dodged            ||    51
Block: Buckler           ||    26
       Rpst.: Long sword ||    14

Table legend:
 A = Spawn XP
 B = Non-spawn XP
 C = Spawn XP percentage of total XP
 D = Spawn monster count
 E = Non-spawn monster count
 F = Spawn count percentage of total count
 G = Total turns spent on level
                    A         B        C        D         E        F      G
               +---------+---------+-------+---------+---------+-------+---------
         Total |       0 |      77 |   0.0 |       0 |      24 |   0.0 |   991
               +---------+---------+-------+---------+---------+-------+---------
           D:1 |       0 |       7 |   0.0 |       0 |       3 |   0.0 |   206
           D:2 |       0 |      25 |   0.0 |       0 |       7 |   0.0 |   180
           D:3 |       0 |      12 |   0.0 |       0 |       6 |   0.0 |   226
         Sewer |       0 |      33 |   0.0 |       0 |       8 |   0.0 |   296
               +---------+---------+-------+---------+---------+-------+---------
